Map: Kairos Junction LE

Players

Yocto - Winner!

  • Race: Zerg Zerg
  • League: Gold
  • Spawn Location: 5:00

BuffHTs

  • Race: Protoss Protoss
  • Spawn Location: 11:00

VOD

Have the link to the VOD?

Description

Time

  • Played on: Dec. 21, 2018, 6:07 a.m.
  • Length: 1:49
Show
View Real Time Build Order
Export as new Build Order

Yocto Zerg - Winner!

Build Orders: Pool First 

Get SALT Encoding   

  12  0:02  Drone  
  13  0:13  Overlord  
  13  0:23  Drone  
  14  0:40  Drone x2  
  16  0:50  Extractor  
  16  0:53  Spawning Pool  
  14  1:02  Drone x2  
  14  1:03  Drone  
  17  1:31  Hatchery  
Show
View Real Time Build Order
Export as new Build Order

BuffHTs Protoss 

Build Orders:  

Get SALT Encoding   

  12  0:00  Probe  
  13  0:08  Probe  
  14  0:17  Probe  
  14  0:18  Pylon  
  15  0:36  Probe  
  16  0:48  Probe  
  17  1:00  Probe  
  17  1:04  Gateway  
  18  1:24  Nexus  
  18  1:32  Probe  
  19  1:35  Assimilator  
  19  1:38  Assimilator  
Tags
 
League
Gold
Matchup
PvZ
Opening
Pool First
Replay Pack
Yocto
Spawn Locations
Cross Positions
Add a new tag
Caveats
  • Supply blocks, unpowered buildings, or Contaminate may cause inaccurate times.
  • Supply counts are checked every 10 seconds.